 Dungeon Crawl Stone Soup version 0.26-a0-88-g5ee4766 (webtiles) character file.

Game seed: 13706457803043671912

13 Chirpers the Skirmisher (level 2, -1/27 HPs)
             Began as a Draconian Berserker on June 22, 2020.
             Was a Follower of Trog.
             Slain by an adder (4 damage)
             ... on level 2 of the Dungeon.
             The game lasted 00:00:40 (282 turns).

Chirpers the Skirmisher (Draconian Berserker)        Turns: 282, Time: 00:00:41

Health: -1/27      AC:  4    Str: 19    XL:     2   Next: 24%
Magic:  2/2        EV: 12    Int:  7    God:    Trog [*.....]
Gold:   19         SH:  0    Dex: 10    Spells: 1/1 levels left

rFire    . . .     SeeInvis .   a - +0 hand axe
rCold    . . .     Gourm    .   (no shield)
rNeg     . . .     Faith    .   (armour unavailable)
rPois    .         Spirit   .   (helmet restricted)
rElec    .         Reflect  .   (no cloak)
rCorr    .         Harm     .   (no gloves)
MR       .....                  (no boots)
Stlth    +.........             (no amulet)
HPRegen  0.09/turn              (no ring)
MPRegen  0.08/turn              (no ring)

@: lethally poisoned (-1 -> -11)
A: unfitting armour, cold-blooded, AC +4
a: Berserk, Renounce Religion


You were on level 2 of the Dungeon.
You worshipped Trog.
Trog was aware of your devotion.
You were not hungry.

You visited 1 branch of the dungeon, and saw 2 of its levels.

You collected 19 gold pieces.

Inventory:

Hand Weapons
 a - a +0 hand axe (weapon)
Scrolls
 e - a scroll of fear {unknown}
Comestibles
 b - a ration
 c - 12 chunks of flesh


   Skills:
 + Level 3.7 Fighting
 - Level 3.0 Axes
 + Level 3.0 Dodging


You had one spell level left.
You didn't know any spells.
Your spell library was empty.

Dungeon Overview and Level Annotations

Branches:
Dungeon (1/15)

Altars:


Innate Abilities, Weirdness & Mutations

Your plain brown scales are hard. (AC +4)
You cannot fit into any form of body armour.
You are cold-blooded and may be slowed by cold attacks.


Message History

The hobgoblin hits you but does no damage.
You closely miss the adder.
The adder is heavily wounded.
You closely miss the hobgoblin.
You feel sick. The adder bites you. The hobgoblin misses you.
The adder bites you.
You are too injured to fight recklessly!
You are too injured to fight recklessly!
You are too injured to fight recklessly!
You hit the adder but do no damage.
The adder is heavily wounded.
You hit the hobgoblin.
* * * LOW HITPOINT WARNING * * *
You feel sick. The adder misses you. The hobgoblin closely misses you.
As you read the scroll labeled HIPLIA WINO, it crumbles to dust.
You smell wet yak.
It was a scroll of random uselessness.
* * * LOW HITPOINT WARNING * * *
You feel sick. The adder bites you.
* * * LOW HITPOINT WARNING * * *
The hobgoblin misses you. The adder bites you.
You die...

####........ #
............# ..
...........# ...
..........# ....
#.........#
.....#.........#
......S.........
......g@........
....#...........
...>............
...............#
...............+
.##..$......####
#..........
.............
..............


You could see an adder and a hobgoblin.

Vanquished Creatures
  A dart slug (D:1)
  2 goblins (D:1)
  A hobgoblin (D:1)
  A bat (D:1)
  2 kobolds (D:1)
  5 rats (D:1)
12 creatures vanquished.

Notes
Turn   | Place    | Note
-------+----------+-------------------------------------------
     0 | D:1      | Chirpers the Draconian Berserker began the quest for the
                  | Orb.
     0 | D:1      | Reached XP level 1. HP: 19/19 MP: 1/1
   190 | D:1      | Reached XP level 2. HP: 23/26 MP: 2/2
   272 | D:1      | You fall into a shaft and drop 1 floor!
   282 | D:2      | Slain by an adder

Illustrated notes

Levels and vault maps discovered:
D:1:      evilmike_arrival_rings, layout_rooms, minmay_small_reverse_x
D:2:      layout_basic, okawaru_trees_1, first_ration, minmay_tetromino_o4

Skill      XL: |  1 |
---------------+----+-----
Dodging        | 3 |  3.0
Fighting       | |  3.7
Axes           | |  3.0

Action                   || total
-------------------------++-------
Melee: Hand axe          ||    35
       Tailslap          ||     3
  Use: Scroll            ||     1
Armor: Skin              ||     4
Dodge: Dodged            ||    21

Table legend:
 A = Non-vault XP
 B = Vault XP
 C = Vault XP percentage of total XP
 D = Non-vault monster count
 E = Vault monster count
 F = Vault count percentage of total count
                 A         B        C        D         E       F
            +---------+---------+-------+---------+---------+-------
      Total |      19 |       0 |   0.0 |      12 |       0 |   0.0
            +---------+---------+-------+---------+---------+-------
        D:1 |      19 |       0 |   0.0 |      12 |       0 |   0.0
            +---------+---------+-------+---------+---------+-------
